[Event "Team 45 45 League T42"]
[Site "Internet Chess Club"]
[Date "2009.09.03"]
[Round "6"]
[White "Ptzz"]
[Black "CakeMan"]
[Result "0-1"]
[WhiteElo "2021"]
[BlackElo "2103"]
[Opening "Dutch: Staunton gambit, Staunton's line"]
[ECO "A83"]
[Time "13:08:55"]
[TimeControl "2700+45"]

1. d4 f5 2. e4 fxe4 3. Nc3 Nf6 4. Bg5 Nc6 5. d5 Ne5 6. Qd4 Nf7 7. Bxf6 exf6 8.
Nxe4 f5 9. Ng3 g6 10. O-O-O Bh6+ 11. Kb1 O-O 12. Nf3 Bg7 13. Qf4 Qf6 14. c3 b5
15. h4 d6 16. Qd4 Qd8 17. Qd2 Rb8 18. h5 a5 19. hxg6 hxg6 20. Bd3 b4 21. c4 a4
22. Be2 a3 23. b3 Qf6 24. Qd4 Ne5 25. Qh4 Ng4 26. Qxf6 Bxf6 27. Rhf1 Bd7 28. Nd4
Ne5 29. f4 Nf7 30. Bf3 Rbe8 31. Nc2 Rb8 32. Ne2 Rfe8 33. Rfe1 g5 34. Ned4 g4 35.
Be2 Re4 36. Bd3 Rxd4 37. Nxd4 Bxd4 38. Re7 Rd8 39. Rh1 Bf6 40. Re2 Kg7 41. g3
Rh8 42. Rxh8 Kxh8 43. Rc2 Kg7 44. c5 Bc3 45. Re2 Kf6 46. cxd6 Nxd6 47. Rh2 Kg6
48. Re2 Ne4 49. Kc1 Nc5 50. Bc4 Kf6 51. Rh2 Kg7 52. Re2 Bf6 53. Rc2 Ne4 54. Kd1
Nxg3 55. Bd3 Bc3 56. Rg2 Nh5 57. Re2 Kf6 58. Rh2 Nxf4 59. Rh7 Nxd3 60. Rxd7 Be5
{White resigns} 0-1

[Event "Team 45 45 League T42"]
[Site "Internet Chess Club"]
[Date "2009.09.06"]
[Round "6"]
[White "DavidBarnsley"]
[Black "Zumbi"]
[Result "1-0"]
[WhiteElo "2094"]
[BlackElo "2025"]
[Opening "Alekhine's defense: Sämisch attack"]
[ECO "B02"]
[Time "15:01:33"]
[TimeControl "2700+45"]

1. e4 Nf6 2. e5 Nd5 3. Nc3 Nxc3 4. dxc3 d5 5. Qf3 g6 6. Bd3 c5 7. Qg3 Bg7 8. Nf3
Nc6 9. Bf4 c4 10. Be2 Bf5 11. Rd1 Bxc2 12. Rd2 Bd3 13. Bxd3 cxd3 14. O-O O-O 15.
Rxd3 Qa5 16. a3 Rad8 17. e6 Qb5 18. Ng5 f6 19. Nxh7 g5 20. Bc7 Kxh7 21. Bxd8
Rxd8 22. Qh3+ Kg6 23. f4 Bh6 24. fxg5 Bxg5 25. Qf5+ Kg7 26. Rg3 Qc5+ 27. Kh1 Qc4
28. Rxg5+ fxg5 29. Qxg5+ Kh8 30. Qh6+ Kg8 31. Qg6+ Kh8 32. Rf7 Qh4 33. Qg7#
{Black checkmated} 1-0

[Event "Team 45 45 League T42"]
[Site "Internet Chess Club"]
[Date "2009.09.07"]
[Round "6"]
[White "AntonioMendonca"]
[Black "Nosferatu1"]
[Result "0-1"]
[WhiteElo "1720"]
[BlackElo "1858"]
[Opening "Sicilian: closed"]
[ECO "B23"]
[Time "15:07:07"]
[TimeControl "2700+45"]

1. e4 c5 2. Nc3 e6 3. f4 d6 4. Nf3 Nf6 5. Bc4 Nc6 6. O-O Be7 7. d3 Na5 8. Bb3
Bd7 9. Qe1 Nxb3 10. axb3 O-O 11. Nd1 Bc6 12. Qg3 Kh8 13. Ne3 b5 14. f5 Nh5 15.
Qg4 Nf6 16. Qg3 Nh5 17. Qg4 Nf6 18. Qh3 Bd7 19. g4 exf5 20. gxf5 Kg8 21. Rf2 Ne8
22. Nd5 Bc6 23. Nxe7+ Qxe7 24. Rg2 f6 25. c4 Rf7 26. Bf4 Rb8 27. Nh4 Bxe4 28.
dxe4 Qxe4 29. Qg4 bxc4 30. bxc4 Qxc4 31. Rc1 Qd4+ 32. Kh1 Rxb2 33. Nf3 Rxg2 34.
Kxg2 Qb2+ {White resigns} 0-1

[Event "Team 45 45 League T42"]
[Site "Internet Chess Club"]
[Date "2009.09.08"]
[Round "6"]
[White "BRAINWAVE"]
[Black "pishd"]
[Result "1/2-1/2"]
[WhiteElo "1774"]
[BlackElo "1750"]
[Opening "Queen's pawn"]
[ECO "A40"]
[Time "14:14:09"]
[TimeControl "2700+45"]

1. d4 e6 2. f4 f5 3. Nf3 Nf6 4. e3 b6 5. b3 Bb7 6. Bd3 Ne4 7. O-O d5 8. Ne5 g6
9. Qe1 Be7 10. Ba3 O-O 11. Bxe7 Qxe7 12. h4 Nd7 13. Rf3 Nxe5 14. dxe5 Kh8 15.
Rh3 Rg8 16. a3 a5 17. Nc3 Nxc3 18. Qxc3 c5 19. Be2 Ba6 20. Bxa6 Rxa6 21. Qd3 Qb7
22. a4 Raa8 23. Rd1 Qa6 24. Qxa6 Rxa6 25. Kf2 Kg7 26. Kf3 h5 27. Rh2 Rb8 28. g3
b5 29. axb5 Rxb5 30. Rhd2 Rb7 31. Ra1 Rb4 32. Ke2 Kf7 33. Rdd1 Ke7 34. Ra2 Kd7
35. Rda1 Rb5 36. Ra3 Kc6 37. Kd3 Kb6 38. Rd1 Rb4 39. c3 Re4 40. Ke2 Ra7 41. Kf3
Ra6 42. Rb1 Ra7 43. Ra4 Rb7 44. Ke2 Rxa4 45. bxa4+ Kc6 46. Rxb7 Kxb7 47. Kd3 Kc6
48. Ke2 Kb6 49. Kd3 Kb7 50. Ke2 Kc7 51. Kd3 Kc6 52. Ke2 Kb6 53. Kd3 Kb7 54. Ke2
Kc7 55. Kd3 Kc6 56. Ke2 Kb6 57. Kd3 Kb7 58. Ke2 Kc7 59. Kd3 Kc6 60. Ke2 Kb6 61.
Kd3 Kb7 62. Ke2 Kc6 63. Kd3 Kb6 64. Ke2 Kc6 65. Kd3 Kb6 66. Ke2 Kc6 67. Kd3 Kb6
68. Ke2 Kc6 69. Kd3 Kb6 70. Ke2 Kc6 71. Kd3 Kb6 72. Ke2 Kc6 73. Kd3 Kb6 74. Ke2
Kc6 75. Kd3 Kb6 76. Ke2 Kc6 77. Kd3 Kb6 78. Ke2 Kc6 79. Kd3 {Game drawn by
repetition} 1/2-1/2

[Event "Team 45 45 League T42"]
[Site "Internet Chess Club"]
[Date "2009.09.05"]
[Round "6"]
[White "fileman"]
[Black "cysk"]
[Result "0-1"]
[WhiteElo "1854"]
[BlackElo "1663"]
[Opening "French: advance variation"]
[ECO "C02"]
[Time "07:07:25"]
[TimeControl "2700+45"]

1. e4 e6 2. d4 d5 3. e5 b6 4. c3 Qd7 5. f4 Nh6 6. Nf3 Ba6 7. Bxa6 Nxa6 8. Qd3
Nb8 9. O-O Nf5 10. b4 Be7 11. a4 c5 12. g4 Nh6 13. f5 Nxg4 14. h3 Nh6 15. f6 Bf8
16. fxg7 Bxg7 17. Na3 Nf5 18. Nc2 c4 19. Qd2 f6 20. Ne3 Bh6 21. Qf2 Rg8+ 22. Kh2
Bf4+ 23. Kh1 Ng3+ 24. Kg2 Nxf1+ 25. Kxf1 Bg3 26. Qg2 f5 27. Ng5 Bh4 28. Nxc4 Qg7
29. Nd6+ Kd7 30. Nxf5 Qf8 {White resigns} 0-1

[Event "Team 45 45 League T42"]
[Site "Internet Chess Club"]
[Date "2009.09.04"]
[Round "6"]
[White "JeeniousChess"]
[Black "Portola"]
[Result "1-0"]
[WhiteElo "1551"]
[BlackElo "1745"]
[Opening "Polish (Sokolsky) opening"]
[ECO "A00"]
[Time "23:02:28"]
[TimeControl "2700+45"]

1. b4 f5 2. Bb2 Nf6 3. Nf3 e6 4. a3 Be7 5. c4 O-O 6. e3 Qe8 7. d4 Nc6 8. Nc3 d6
9. d5 exd5 10. Nxd5 Nxd5 11. cxd5 Ne5 12. Nxe5 dxe5 13. Bc4 Bd6 14. O-O Kh8 15.
Rc1 Qg6 16. f4 e4 17. Be2 Bd7 18. Qd4 Rg8 19. b5 h5 20. a4 b6 21. Qd1 Be8 22.
Qe1 Bf7 23. Qg3 Qxg3 24. hxg3 Kh7 25. Rfd1 g6 26. Kf2 Rge8 27. Bf6 Rac8 28. g4
Be7 29. Bxe7 Rxe7 30. gxh5 gxh5 31. Bxh5 Bxh5 32. Rh1 Kg6 33. Rc6+ Kg7 34. Rxh5
Rd7 35. Rg5+ Kh7 36. Rxf5 Rcd8 37. Re5 Rg7 38. Rxe4 Rdg8 39. f5 Rxg2+ 40. Kf3
R2g3+ 41. Kf4 R8g7 42. f6 R3g4+ 43. Kf3 Rg3+ 44. Ke2 Rg2+ 45. Kd3 R7g5 46. Re7+
Kh8 47. Rd7 R5g4 48. f7 Kg7 49. Rcxc7 Rf2 50. f8=Q+ Kxf8 51. Rc8# {Black
checkmated} 1-0

[Event "Team 45 45 League T42"]
[Site "Internet Chess Club"]
[Date "2009.09.05"]
[Round "6"]
[White "g8wrb"]
[Black "chicopee-ed"]
[Result "1/2-1/2"]
[WhiteElo "1516"]
[BlackElo "1403"]
[Opening "Bird's opening: Lasker variation"]
[ECO "A03"]
[Time "12:00:26"]
[TimeControl "2700+45"]

1. f4 d5 2. Nf3 Nf6 3. e3 c5 4. Bb5+ Bd7 5. Nc3 Bxb5 6. Nxb5 a6 7. Nc3 e6 8. b3
Nc6 9. O-O Be7 10. Bb2 O-O 11. Qe1 d4 12. exd4 Nxd4 13. Nxd4 Qxd4+ 14. Qe3 Qxe3+
15. dxe3 Rfd8 16. Rad1 Rxd1 17. Rxd1 Rd8 18. Rxd8+ Bxd8 19. Na4 Nd5 20. Kf2 b6
21. c4 Nb4 22. Be5 Nd3+ 23. Kf3 Nxe5+ 24. fxe5 Kf8 25. Nc3 Be7 26. h3 Ke8 27. g4
h6 28. Ke4 Kd7 29. Ne2 Ke8 30. Nf4 Kf8 31. Kd3 Kg8 32. Ke4 Kf8 33. Kd3 Kg8 34.
Kc3 Bg5 35. Kd2 Be7 {Game drawn by mutual agreement} 1/2-1/2

[Event "Team 45 45 League T42"]
[Site "Internet Chess Club"]
[Date "2009.09.07"]
[Round "6"]
[White "AngryPirate"]
[Black "AtomicDog"]
[Result "1-0"]
[WhiteElo "1460"]
[BlackElo "1438"]
[Opening "Sicilian: Grand Prix attack"]
[ECO "B23"]
[Time "15:00:38"]
[TimeControl "2700+45"]

1. e4 c5 2. Nc3 Nc6 3. f4 g6 4. Nf3 d6 5. Bb5 Bd7 6. a3 Bg7 7. O-O e6 8. Bc4
Nge7 9. d3 Qc7 10. Kh1 O-O 11. Bd2 a6 12. Qe1 b5 13. Ba2 b4 14. axb4 Nxb4 15.
Bb3 Bc6 16. Qc1 d5 17. exd5 exd5 18. Na2 a5 19. Nxb4 axb4 20. Ne5 Nf5 21. Nxc6
Qxc6 22. c3 Rxa1 23. Qxa1 Ra8 24. Qc1 Re8 25. Re1 Kf8 26. Rxe8+ Kxe8 27. Qa1 Qb7
28. cxb4 cxb4 29. Qa4+ Kd8 30. Qxb4 Qc6 31. Qa5+ Ke7 32. Bb4+ Nd6 33. Qc5 Qxc5
34. Bxc5 Bxb2 35. Bxd5 f6 36. Kg1 Kd7 37. Kf2 Nf5 38. Bg8 h6 39. Bh7 Bd4+ 40.
Bxd4 Nxd4 41. Bxg6 {Black resigns} 1-0

[Event "Team 45 45 League T42"]
[Site "Internet Chess Club"]
[Date "2009.09.08"]
[Round "6"]
[White "Fuzzie"]
[Black "dinkola"]
[Result "1-0"]
[WhiteElo "1777"]
[BlackElo "1674"]
[Opening "Alekhine's defense: four pawns attack"]
[ECO "B03"]
[Time "10:10:14"]
[TimeControl "2700+45"]

1. e4 Nf6 2. e5 Nd5 3. d4 d6 4. c4 Nb6 5. f4 dxe5 6. fxe5 Bf5 7. Nc3 e6 8. Nf3
Be7 9. Be3 O-O 10. Be2 N8d7 11. Bd3 Bxd3 12. Qxd3 c5 13. d5 exd5 14. Nxd5 Nxd5
15. cxd5 c4 16. Qxc4 Rc8 17. Qb3 Bc5 18. O-O Nb6 19. d6 Bxe3+ 20. Qxe3 Nc4 21.
Qxa7 Nxb2 22. Qxb7 Nd3 23. Qb3 Nf4 24. Kh1 Qd7 25. Rac1 Qa7 26. Rce1 Ne6 27. Re2
Rb8 28. Qe3 Qa6 29. Rfe1 Qc4 30. Rc1 Qg4 31. Rec2 Nf4 32. h3 Qg3 33. Qf2 Qxf2
34. Rxf2 Nd3 35. Rfc2 Nxc1 36. Rxc1 Ra8 37. d7 Ra7 38. e6 fxe6 39. Ne5 Rd8 40.
Nc6 Rdxd7 41. Nxa7 Rxa7 42. Ra1 Kf7 43. a4 Kf6 44. a5 Ke5 45. a6 Kd5 46. Kg1 e5
47. Kf2 g5 48. Ke3 h5 49. Ra5+ Ke6 50. Ke4 Kf6 51. g3 h4 52. g4 Kf7 53. Kxe5
Re7+ 54. Kd6 Re6+ 55. Kd5 Kf6 56. Kd4 Re8 57. a7 Ra8 58. Ra6+ Ke7 59. Ke5 Kf7
60. Kf5 {Black resigns} 1-0

[Event "Team 45 45 League T42"]
[Site "Internet Chess Club"]
[Date "2009.09.03"]
[Round "6"]
[White "Ernie1"]
[Black "Grenadier"]
[Result "0-1"]
[WhiteElo "1585"]
[BlackElo "1672"]
[Opening "King's Indian defense, 3.Nc3"]
[ECO "E61"]
[Time "20:06:05"]
[TimeControl "2700+45"]

1. d4 Nf6 2. c4 g6 3. Nc3 Bg7 4. Nf3 O-O 5. Bg5 d6 6. Qd2 Bf5 7. Nh4 Ne4 8. Nxe4
Bxe4 9. Qe3 Bc6 10. Bxe7 Bxd4 11. Bxd8 Bxe3 12. Bxc7 Bh6 13. Bxd6 Na6 14. Bxf8
Rxf8 15. Rc1 Nb4 16. e3 Nxa2 17. Ra1 Nb4 18. Rxa7 Rd8 19. Nf3 Bg7 20. Nd4 Bxd4
21. exd4 Nc2+ 22. Kd2 Nxd4 23. Kc3 Ne6 24. f3 Rd1 25. Kc2 Re1 26. Kd2 Rb1 27.
Kc3 Rc1+ 28. Kb4 Nd4 29. Ra8+ Kg7 30. Rd8 Nc2+ 31. Kc5 Ne3 32. b4 Ba4 33. Kb6
Nxc4+ 34. Bxc4 Rxh1 35. Kxb7 Rb1 36. b5 Bxb5 37. Bxb5 Rxb5+ 38. Kc6 Rb2 39. g4
Rxh2 40. Rd3 h5 41. g5 Rg2 42. f4 Rg4 43. Rf3 f6 44. gxf6+ Kxf6 45. Kd5 Kf5
{White resigns} 0-1

[Event "Team 45 45 League T42"]
[Site "Internet Chess Club"]
[Date "2009.09.06"]
[Round "6"]
[White "GoIrish"]
[Black "slipkid"]
[Result "1-0"]
[WhiteElo "1671"]
[BlackElo "1500"]
[Opening "Réti: King's Indian attack (Barcza system)"]
[ECO "A07"]
[Time "06:30:20"]
[TimeControl "2700+45"]

1. Nf3 d5 2. g3 Nf6 3. Bg2 c5 4. O-O Nc6 5. d3 e5 6. e4 d4 7. Ne1 Be7 8. f4 Bg4
9. Nf3 Qc8 10. Nbd2 b5 11. Rf2 O-O 12. Qf1 Bxf3 13. Nxf3 Ng4 14. Bh3 f6 15. Bxg4
Qxg4 16. Nh4 Qe6 17. Nf5 Bd8 18. Rg2 c4 19. h4 cxd3 20. cxd3 Nb4 21. a3 Nc6 22.
Qf3 Na5 23. Qg4 Kf7 24. Qxg7+ Ke8 25. Qxh7 Qg8 26. Nd6# {Black checkmated} 1-0

[Event "Team 45 45 League T42"]
[Site "Internet Chess Club"]
[Date "2009.09.08"]
[Round "6"]
[White "MikeA"]
[Black "houseofcook"]
[Result "0-1"]
[WhiteElo "1344"]
[BlackElo "1501"]
[Opening "French: Tarrasch, closed variation"]
[ECO "C05"]
[Time "13:00:09"]
[TimeControl "2700+45"]

1. e4 e6 2. d4 d5 3. Nd2 Nf6 4. e5 Nfd7 5. f4 c5 6. Ndf3 cxd4 7. Nxd4 Nc6 8.
Ngf3 Qb6 9. Be2 Bc5 10. c3 O-O 11. O-O f6 12. exf6 Nxf6 13. b4 Bd6 14. Re1 Ne4
15. Qc2 Bxf4 16. Bd3 Bxc1 17. Raxc1 e5 18. Nxe5 Nxe5 19. Bxe4 dxe4 20. Rxe4 Ng6
21. Rce1 Bf5 22. Qb3+ Kh8 23. R4e3 Bd7 24. Qd5 Bc6 25. Qd6 Rad8 26. Qe6 Bd7 27.
Qc4 Rc8 28. Qb3 h6 29. Kh1 Rce8 30. Ne6 Bxe6 31. Rxe6 Rxe6 32. Rxe6 Rf1# {White
checkmated} 0-1

[Event "Team 45 45 League T42"]
[Site "Internet Chess Club"]
[Date "2009.09.06"]
[Round "6"]
[White "NFork"]
[Black "Ser-Enigma"]
[Result "1/2-1/2"]
[WhiteElo "2247"]
[BlackElo "2169"]
[Opening "Queen's gambit accepted"]
[ECO "D20"]
[Time "15:04:06"]
[TimeControl "2700+45"]

1. d4 d5 2. c4 dxc4 3. Nc3 e5 4. d5 a6 5. a4 Nf6 6. e4 Bb4 7. Bg5 h6 8. Bxf6
Qxf6 9. Bxc4 Qg6 10. Qf3 Bg4 11. Qd3 {Game drawn by mutual agreement} 1/2-1/2

[Event "Team 45 45 League T42"]
[Site "Internet Chess Club"]
[Date "2009.09.04"]
[Round "6"]
[White "mcplayerus"]
[Black "Darkwizard1"]
[Result "1-0"]
[WhiteElo "2093"]
[BlackElo "1849"]
[Opening "Queen's pawn game, Darooha variation "]
[ECO "D02"]
[Time "18:00:20"]
[TimeControl "2700+45"]

1. d4 Nf6 2. Nf3 d5 3. c4 e6 4. g3 b6 5. cxd5 exd5 6. Bg2 Bb7 7. O-O Bd6 8. Qa4+
Bc6 9. Qc2 Bb7 10. Bd2 Nbd7 11. b4 O-O 12. a4 Qe7 13. b5 Qxe2 14. Re1 Qc4 15.
Nc3 Ne4 16. Bf1 Nxd2 17. Ng5 g6 18. Bxc4 Nxc4 19. Nf3 Rae8 20. Rxe8 Rxe8 21. Re1
Rc8 22. Qc1 Kg7 23. Qg5 h6 24. Qg4 Nf6 25. Qh3 Bb4 26. Rc1 c5 27. Nxd5 Nxd5 28.
Rxc4 Re8 29. Rc1 Nc3 30. Rxc3 Bxc3 31. Qd7 Bxf3 32. Qxe8 cxd4 33. Qe5+ Kh7 34.
Kf1 Bd1 35. Qc7 Kg7 36. Qc4 h5 37. f4 Bg4 38. Qc7 Bd1 39. Qc4 Kf6 40. h3 Kg7 41.
Kf2 Kg8 42. Qd3 Bxa4 43. Qb1 Kg7 44. Kf3 f5 45. g4 hxg4+ 46. hxg4 fxg4+ 47. Kxg4
Kf6 48. Kh4 Bd2 49. Qa1 g5+ 50. fxg5+ Bxg5+ 51. Kh5 Bxb5 52. Qxd4+ Kf5 53. Qd5+
{Black resigns} 1-0

[Event "Team 45 45 League T42"]
[Site "Internet Chess Club"]
[Date "2009.09.02"]
[Round "6"]
[White "az2112"]
[Black "Camdemonium"]
[Result "1-0"]
[WhiteElo "1755"]
[BlackElo "1928"]
[Opening "Sicilian: Hungarian variation"]
[ECO "B27"]
[Time "21:34:23"]
[TimeControl "2700+45"]

1. e4 c5 2. Nf3 g6 3. Nc3 Nc6 4. Bb5 Bg7 5. Bxc6 bxc6 6. O-O e5 7. d3 Ne7 8. Be3
d6 9. Qd2 Rb8 10. Rab1 Be6 11. Ng5 Bc8 12. f4 O-O 13. Nf3 exf4 14. Bxf4 Rb7 15.
Bh6 Qa5 16. Bxg7 Kxg7 17. Qf4 d5 18. e5 d4 19. Qf6+ Kg8 20. Ne4 Qxa2 21. Qh4 Nf5
22. Nf6+ {Black resigns} 1-0

[Event "Team 45 45 League T42"]
[Site "Internet Chess Club"]
[Date "2009.09.06"]
[Round "6"]
[White "jonesey"]
[Black "Yotehagomate"]
[Result "1-0"]
[WhiteElo "2002"]
[BlackElo "2160"]
[Opening "Caro-Kann: exchange variation"]
[ECO "B13"]
[Time "09:07:16"]
[TimeControl "2700+45"]

1. e4 c6 2. d4 d5 3. exd5 Qxd5 4. Nc3 Qd8 5. Nf3 Bg4 6. h3 Bh5 7. g4 Bg6 8. h4
f6 9. Bc4 Nh6 10. Bxh6 gxh6 11. h5 Bf7 12. Bxf7+ Kxf7 13. Qd3 e6 14. O-O-O Bd6
15. Rhe1 Na6 16. Qe3 Nc7 17. Qxh6 Qg8 18. Ne4 Be7 19. c4 Rc8 20. Qf4 h6 21. Ne5+
Ke8 22. Ng6 Nd5 23. cxd5 cxd5+ 24. Nc3 e5 25. Nxe7 Kxe7 26. dxe5 fxe5 27. Rxe5+
{Black resigns} 1-0

[Event "Team 45 45 League T42"]
[Site "Internet Chess Club"]
[Date "2009.09.12"]
[Round "6"]
[White "Knight77"]
[Black "fledermaus"]
[Result "1/2-1/2"]
[WhiteElo "1980"]
[BlackElo "2018"]
[Opening "QGD semi-Slav"]
[ECO "D43"]
[Time "16:31:09"]
[TimeControl "2700+45"]

1. d4 d5 2. c4 e6 3. Nf3 Nf6 4. Nc3 c6 5. Bf4 dxc4 6. e3 b5 7. Be2 Bb4 8. O-O
Bb7 9. Qc2 Nbd7 10. a4 a6 11. b3 Bxc3 12. Qxc3 Nd5 13. Qd2 c3 14. Qd3 Nxf4 15.
exf4 b4 16. f5 exf5 17. Qxf5 O-O 18. a5 g6 19. Qf4 Kg7 20. Qd6 c5 21. dxc5 Nf6
22. Qf4 Nd5 23. Qc4 Qf6 24. Rfd1 Rfd8 25. Bd3 Nf4 26. Be4 Bxe4 27. Qxe4 Re8 28.
Qc4 Rac8 29. Ra2 Qf5 30. Qxb4 Qg4 31. Qxc3+ Kg8 32. g3 Rxc5 33. Qd4 Qxf3 34.
gxf4 Qg4+ 35. Kh1 Qf3+ 36. Kg1 Qg4+ 37. Kh1 Rf5 38. Qd3 Qxf4 39. Re2 Rxe2 40.
Qxe2 Rxa5 41. Rd8+ Kg7 42. Qb2+ Kh6 43. Qd2 Qxd2 44. Rxd2 Rb5 45. Rd6 a5 46. Rd3
Kg5 47. Kg2 f5 48. Rf3 Rb4 49. Rc3 Rb5 50. Rh3 Kg4 51. Rg3+ Kf4 52. Rc3 Ke4 53.
Rh3 h5 54. Rg3 Rb6 55. Rc3 Kd4 56. Rc4+ Kd5 57. Ra4 Rb5 58. h4 Kc5 59. f3 Kb6
60. Ra3 Rb4 61. Kg3 Kb5 62. Kh3 Rd4 63. Kg3 Rd5 64. Ra4 Rd3 65. Ra3 Rd4 66. Kh3
Ka6 67. Kg3 Kb6 68. Kh3 Kb5 69. Kg3 f4+ 70. Kf2 Rd2+ 71. Kf1 Rh2 72. Ra4 Rxh4
73. Kg2 g5 74. Re4 g4 75. Rxf4 gxf3+ 76. Rxf3 Rg4+ 77. Kh3 Rg5 78. Kh4 Rd5 79.
Rf4 Kc5 80. Rc4+ Kb5 81. Ra4 Rc5 82. Rf4 Rc3 83. Kxh5 Rxb3 84. Kg5 Re3 85. Rf8
a4 86. Kf4 Re1 87. Ra8 Kb4 88. Rb8+ Kc3 89. Ra8 Kb3 90. Rb8+ Ka2 91. Kf3 a3 92.
Kf2 Rb1 93. Re8 Rb2+ 94. Ke3 Rb3+ 95. Kd4 Rh3 96. Kc4 Rh2 97. Re3 Kb2 98. Rb3+
Ka2 99. Re3 Rh4+ 100. Kc3 Rh2 101. Kb4 Rh4+ {Game drawn by mutual agreement}
1/2-1/2

[Event "Team 45 45 League T42"]
[Site "Internet Chess Club"]
[Date "2009.09.06"]
[Round "6"]
[White "smitty120"]
[Black "makito"]
[Result "1/2-1/2"]
[WhiteElo "1919"]
[BlackElo "1877"]
[Opening "Petrov: Cochrane gambit"]
[ECO "C42"]
[Time "12:00:49"]
[TimeControl "2700+45"]

1. e4 e5 2. Nf3 Nf6 3. Nxe5 d6 4. Nxf7 Kxf7 5. d4 c6 6. Nc3 Qe8 7. Bd3 Bg4 8. f3
Be6 9. O-O Na6 10. a3 Nc7 11. f4 Kg8 12. e5 dxe5 13. fxe5 Nd7 14. Qf3 h5 15. Qg3
h4 16. Qf3 h3 17. g3 c5 18. Be3 cxd4 19. Bxd4 Bc5 20. Qf2 Qe7 21. Ne4 Bxd4 22.
Qxd4 Rh5 23. Qd6 Qd8 24. Nc5 Nxe5 25. Nxb7 Qxd6 26. Nxd6 Nxd3 27. cxd3 Rd8 28.
Rac1 Nb5 29. Nxb5 Rxb5 30. Rc6 Bf5 31. a4 Re5 32. Rc3 Rxd3 33. Rxf5 Rxc3 34.
Rxe5 Rc1+ 35. Kf2 Rh1 36. b4 Rxh2+ 37. Kf3 Rh1 38. Rh5 a6 39. b5 Ra1 40. b6 g6
41. b7 Rf1+ 42. Ke4 Rf8 43. Rxh3 Rb8 44. Rh4 Rxb7 45. Kd5 Rb3 46. Rg4 Kg7 47.
Kc6 Kf6 48. Rd4 g5 49. Kc5 Rc3+ 50. Kb6 Rxg3 51. Kxa6 Rb3 52. a5 Kf5 53. Rd5+
Kf4 54. Rb5 Ra3 55. Kb7 g4 56. a6 g3 57. a7 g2 58. Rb1 Kf3 59. a8=Q Rxa8 60.
Kxa8 Kf2 61. Rb2+ Kg1 62. Rxg2+ Kxg2 {Game drawn because neither player has
mating material} 1/2-1/2

[Event "Team 45 45 League T42"]
[Site "Internet Chess Club"]
[Date "2009.09.12"]
[Round "6"]
[White "CHESSISTA1"]
[Black "Socraticchess"]
[Result "1-0"]
[WhiteElo "1840"]
[BlackElo "1809"]
[Opening "Ruy Lopez: Schliemann defense"]
[ECO "C63"]
[Time "21:00:18"]
[TimeControl "2700+45"]

1. e4 e5 2. Nf3 Nc6 3. Bb5 f5 4. d3 Nf6 5. Nc3 Bc5 6. O-O d6 7. d4 exd4 8. Nxd4
Bxd4 9. Qxd4 Bd7 10. Bxc6 bxc6 11. exf5 O-O 12. Bg5 Qe8 13. Rae1 Qh5 14. Bxf6
Rxf6 15. Nd5 Rh6 16. h3 Bxf5 17. Re7 Qg5 18. f4 Qg6 19. Rxc7 Kh8 20. Ne7 Qf7 21.
Nxf5 Qxc7 22. Nxh6 Qb6 {Black resigns} 1-0

[Event "Team 45 45 League T42"]
[Site "Internet Chess Club"]
[Date "2009.09.07"]
[Round "6"]
[White "GabGag"]
[Black "mongmong"]
[Result "1-0"]
[WhiteElo "2002"]
[BlackElo "1508"]
[Opening "French: King's Indian attack"]
[ECO "C00"]
[Time "20:00:42"]
[TimeControl "2700+45"]

1. e4 e6 2. d3 d5 3. Nd2 Nf6 4. Ngf3 b6 5. g3 Bb7 6. e5 Nfd7 7. Bg2 c5 8. O-O
Nc6 9. Re1 Qc7 10. Qe2 Be7 11. Nf1 a5 12. h4 Ba6 13. N1h2 h6 14. Bf4 c4 15. Bf1
cxd3 16. cxd3 Nb4 17. Rec1 Qb7 18. Qd2 Nc5 19. d4 Ne4 20. Qd1 Bxf1 21. Qxf1 Kd7
22. Qb5+ Nc6 23. Rc2 Rhc8 24. Rac1 Qa6 25. Qxa6 Rxa6 26. Bd2 Raa8 27. Nf1 Bb4
28. Be3 Be7 29. g4 Nb4 30. Rxc8 Rxc8 31. Rxc8 Kxc8 32. a4 Nc2 33. Bc1 f6 34. h5
Nb4 35. b3 Nd3 36. Be3 Nc3 37. Ng3 Nd1 38. exf6 Bxf6 39. Kf1 Nxe3+ 40. fxe3 Nc1
41. Nd2 Be7 42. Ke1 Bb4 43. Kd1 Bxd2 44. Kxd2 Nxb3+ 45. Kc2 Nxd4+ 46. exd4 Kd7
47. Ne2 Kd6 48. Nc3 e5 49. Kd3 e4+ 50. Ke3 Ke6 51. Kf4 Kd6 52. Kf5 Kc6 53. Kg6
b5 54. axb5+ Kb6 55. Nxd5+ Kxb5 56. Kxg7 Kc4 57. Ne3+ Kd3 58. Nf5 a4 59. Nd6 a3
60. Kxh6 a2 61. g5 a1=Q 62. Nf5 e3 63. g6 e2 64. g7 Qc1+ 65. Kh7 Qg5 66. g8=Q
Qxg8+ 67. Kxg8 e1=Q 68. Ng7 Kxd4 69. h6 Qh4 70. Nf5+ {Black resigns} 1-0

[Event "Team 45 45 League T42"]
[Site "Internet Chess Club"]
[Date "2009.09.02"]
[Round "6"]
[White "oldprez"]
[Black "KingOfHearts"]
[Result "1/2-1/2"]
[WhiteElo "1421"]
[BlackElo "1237"]
[Opening "King's pawn game"]
[ECO "C50"]
[Time "19:00:10"]
[TimeControl "2700+45"]

1. e4 e5 2. Nf3 Nc6 3. Bc4 h6 4. d4 exd4 5. Nxd4 Bc5 6. c3 Nf6 7. O-O O-O 8. Re1
Re8 9. Nxc6 dxc6 10. Qxd8 Rxd8 11. Bf4 Ng4 12. Bg3 Re8 13. h3 Ne5 14. Nd2 b5 15.
Bb3 Bb6 16. Kh1 Nd3 17. Re2 Nxb2 18. Nf3 Na4 19. Ne5 Be6 20. Nxc6 Bxb3 21. axb3
Nxc3 22. Ree1 Nxe4 23. Kh2 a5 24. f3 Nxg3 25. Rxe8+ Rxe8 26. Kxg3 Ra8 27. Ne7+
Kf8 28. Nd5 a4 29. bxa4 bxa4 30. Nc3 a3 31. Ra2 Bc5 32. Kf4 Bb4 33. Nb5 Bd6+ 34.
Nxd6 cxd6 35. Ke4 Ke7 36. Kd5 f6 37. g4 Kd7 38. Ke4 Ra5 39. f4 Kc6 40. Kd4 Kb5
41. Kd5 Ra6 42. f5 Ka4 43. Kc4 Rb6 44. Kc3 Rb3+ 45. Kc2 Rxh3 46. Kb1 Rg3 47. Rd2
Rxg4 48. Rxd6 Rb4+ 49. Ka1 Kb5 50. Rd5+ Kc4 51. Rd7 Rb3 52. Rxg7 Rf3 53. Ka2
Rxf5 54. Kxa3 h5 55. Rc7+ Rc5 56. Rf7 f5 57. Rh7 f4 58. Rf7 Ra5+ 59. Kb2 Rb5+
60. Kc2 Rc5 61. Rxf4+ Kd5+ 62. Kd2 Rc8 63. Rf5+ Ke6 64. Rxh5 {Game drawn by
mutual agreement} 1/2-1/2

[Event "Team 45 45 League T42"]
[Site "Internet Chess Club"]
[Date "2009.09.04"]
[Round "6"]
[White "Cicero"]
[Black "kjs110"]
[Result "0-1"]
[WhiteElo "1233"]
[BlackElo "1114"]
[Opening "Caro-Kann: advance variation"]
[ECO "B12"]
[Time "22:03:06"]
[TimeControl "2700+45"]

1. e4 c6 2. d4 d5 3. e5 Bf5 4. Nf3 e6 5. Be2 Ne7 6. c3 Ng6 7. O-O Be7 8. Re1 O-O
9. Be3 Qb6 10. Qd2 Nd7 11. c4 Rac8 12. Nc3 Rfd8 13. Rab1 Bxb1 14. Nxb1 Bb4 15.
Nc3 Qa5 16. Bg5 Re8 17. Qd3 Bxc3 18. bxc3 Qxa2 19. cxd5 cxd5 20. Qb5 Nb6 21. Be3
Rf8 22. h4 Rxc3 23. h5 Ne7 24. h6 g6 25. Qb4 Rc7 26. Bd1 Qc4 27. Qd2 Qc3 28. Qe2
Nf5 29. Nd2 Nxd4 30. Bxd4 Qxd4 31. Qf3 Qxd2 32. Qf6 Qxh6 33. Re3 Rc1 34. Qf3 Nc4
35. Rb3 Nd2 36. Qd3 Rxd1+ {White resigns} 0-1

[Event "Team 45 45 League T42"]
[Site "Internet Chess Club"]
[Date "2009.09.07"]
[Round "6"]
[White "john-beebs"]
[Black "abescac"]
[Result "0-1"]
[WhiteElo "1485"]
[BlackElo "1419"]
[Opening "Caro-Kann defense"]
[ECO "B10"]
[Time "15:00:12"]
[TimeControl "2700+45"]

1. e4 c6 2. Nf3 d5 3. exd5 cxd5 4. d4 Bg4 5. Nc3 Nf6 6. h3 Bxf3 7. Qxf3 e6 8.
Bb5+ Nc6 9. O-O Qb6 10. Bxc6+ Qxc6 11. Re1 Be7 12. Qg3 b5 13. Qxg7 Rg8 14. Qh6
Rg6 15. Qe3 O-O-O 16. Qd3 a6 17. a3 Rdg8 18. g3 Bd6 19. Kh2 Nh5 20. Ne2 Qc7 21.
Rg1 Nf6 22. Bf4 Ne4 23. Bxd6 Qxd6 24. Nf4 Rf6 25. Qe2 Rf5 26. h4 Rxf4 27. gxf4
Qxf4+ 28. Kh3 Rxg1 29. Rxg1 Nxf2+ 30. Kg2 Ne4 31. Qf3 Qd2+ 32. Kf1 Qc1+ 33. Kg2
Qxc2+ 34. Kf1 Nd2+ 35. Kg2 Nxf3+ 36. Kxf3 Qe4+ 37. Kf2 Qxh4+ {White resigns} 0-1